 Dungeon Crawl Stone Soup version 0.29-a0-676-ga64570c9d2 (webtiles) character file.

Game seed: 9260097233593690680

961409 buhh the Kobold Arbalest (level 27, -12/179 HPs)
             Began as a Kobold Hunter on June 25, 2022.
             Was the Champion of Hepliaklqana.
             Mangled by a profane servitor
             ... wielding a +2 whip of venom
              (22 damage)
             ... on level 7 of Tartarus.
             The game lasted 04:30:00 (110415 turns).

buhh the Kobold Arbalest (Kobold Hunter)          Turns: 110415, Time: 04:30:01

Health: -12/179    AC: 12    Str: 14    XL:     27
Magic:  27/40      EV: 63    Int: 12    God:    Hepliaklqana [******]
Gold:   8948       SH:  5    Dex: 42    Spells: 22/46 levels left

rFire   + + .      SeeInvis +   n - +8 triple crossbow of Abomination {speed, Str+10}
rCold   + . .      Faith    .   (shield currently unavailable)
rNeg    + + +      Spirit   .   o - +5 robe of Night {Dark Will+ SInv}
rPois   +          Reflect  +   y - -2 hat of the Alchemist {rElec rPois rF+ rC+ rN+ Will+ rMut rCorr}
rElec   +          Harm     .   u - +2 cloak of the Shore {Str-4 Dex+6}
rCorr   +          Rampage  .   r - +2 pair of gloves {Stlth+}
rMut    +                       g - +0 pair of boots of the Hurricane {rN+ Will+ Dex+4}
Will    ++...                   k - amulet of Mafeixt {Reflect Str-3 Slay+5 SH+5} Stlth *+++++++++
                                l - +6 ring of dexterity
HPRegen 0.39/turn               Y - ring of Tad Esub {rF+ rN+ Dex-2 Slay+3}
MPRegen 0.27/turn

@: slowed, wreathed by umbra, studying Earth Magic, weak-willed, very slow
A: reduced essence, small, no large weapons, nightstalker 3
}: 9/15 runes: decaying, serpentine, slimy, silver, demonic, glowing, magical,
fiery, dark
a: Renounce Religion, Recall Ancestor, Ancestor Identity, Transference, Idealise


You were on level 7 of Tartarus.
You worshipped Hepliaklqana.
Hepliaklqana was exalted by your worship.
You visited 14 branches of the dungeon, and saw 65 of its levels.
You visited Pandemonium 1 time, and saw 21 of its levels.
You visited 2 bazaars.
You also visited: Trove, Sewer, Ossuary, Gauntlet, Wizlab and Desolation.

You collected 11811 gold pieces.
You spent 2863 gold pieces at shops.

Inventory:

Hand Weapons
 b - the +6 arbalest "Vetoodow" {penet, rElec rPois Will++ MP-9 Dex+3}
   (You bought it in a shop on level 2 of the Orcish Mines)

   Any ammunition fired by it passes through the targets it hits, potentially
   hitting all targets in its path until it reaches maximum range.
   Dex:       It affects your dexterity (+3).
   rElec:     It insulates you from electricity.
   rPois:     It protects you from poison.
   MP:        It affects your magic capacity (-9).
   Will:      It greatly increases your willpower.
 n - the +8 triple crossbow of Abomination (weapon) {speed, Str+10}
   (You found it in a wizard's laboratory)

   Attacks with this weapon are significantly faster.
   Str:       It affects your strength (+10).
Armour
 a - an orb of guile
 g - the +0 pair of boots of the Hurricane (worn) {rN+ Will+ Dex+4}
   (You found it in a treasure trove)

   Dex:       It affects your dexterity (+4).
   rN:        It protects you from negative energy.
   Will:      It increases your willpower.
 o - the +5 robe of Night (worn) {Dark Will+ SInv}
   (You found it on level 4 of the Snake Pit)

   It shrouds the wearer in darkness, reducing the range at which they can see
   and be seen by others.
   SInv:      It lets you see invisible.
   Will:      It increases your willpower.
 r - a +2 pair of gloves of stealth (worn)
 u - the +2 cloak of the Shore (worn) {Str-4 Dex+6}
   (You found it on level 11 of the Dungeon)

   Str:       It affects your strength (-4).
   Dex:       It affects your dexterity (+6).
 y - the -2 hat of the Alchemist (worn) {rElec rPois rF+ rC+ rN+ Will+ rMut rCorr}
   (You found it on level 5 of the Vaults)

   rF:        It protects you from fire.
   rC:        It protects you from cold.
   rElec:     It insulates you from electricity.
   rPois:     It protects you from poison.
   rN:        It protects you from negative energy.
   rCorr:     It protects you from acid and corrosion.
   rMut:      It protects you from mutation.
   Will:      It increases your willpower.
 D - the +2 cloak of the Thief {*Fog Slay-2 SInv Stlth+}
   (You acquired it on level 1 of the Depths)

   It may release a thick cloud of smoke when the wearer is hurt.
   Slay:      It affects your accuracy & damage with ranged weapons and melee
   (-2).
   SInv:      It lets you see invisible.
   Stlth:     It makes you more stealthy.
Jewellery
 c - a ring of see invisible
 k - the amulet of Mafeixt (around neck) {Reflect Str-3 Slay+5 SH+5}
   (You found it on level 2 of the Depths)

   [amulet of reflection]

   It reflects blocked missile attacks.
   Str:       It affects your strength (-3).
   Slay:      It affects your accuracy & damage with ranged weapons and melee
   (+5).
   SH:        It affects your SH (+5).
 l - a +6 ring of dexterity (left hand)
 m - a ring of protection from cold
 p - a +6 ring of dexterity
 w - the ring "Mocs" {rF+ Str-2 Int+6 Dex+2}
   (You found it on level 2 of the Depths)

   [ring of intelligence]

   Str:       It affects your strength (-2).
   Int:       It affects your intelligence (+6).
   Dex:       It affects your dexterity (+2).
   rF:        It protects you from fire.
 Y - the ring of Tad Esub (right hand) {rF+ rN+ Dex-2 Slay+3}
   (You took it off an ancient champion on level 3 of the Crypt)

   [ring of positive energy]

   Dex:       It affects your dexterity (-2).
   Slay:      It affects your accuracy & damage with ranged weapons and melee
   (+3).
   rF:        It protects you from fire.
   rN:        It protects you from negative energy.
Wands
 j - a wand of iceblast (90)
 s - a wand of mindburst (43)
 v - a wand of digging (12)
 G - a wand of paralysis (40)
 S - a wand of polymorph (37)
 W - a wand of light (22)
Scrolls
 i - 19 scrolls of poison
 q - 7 scrolls of brand weapon
 t - 20 scrolls of teleportation {!d}
 A - 2 scrolls of silence {!r}
 F - 6 scrolls of enchant weapon
 I - 5 scrolls of fear {!r}
 Q - 16 scrolls of fog
 T - 11 scrolls of immolation {!d}
 X - 12 scrolls of amnesia
 Z - 11 scrolls of enchant armour
Potions
 f - 5 potions of might
 h - 9 potions of berserk rage {!q}
 B - 8 potions of ambrosia {!q!d}
 H - 7 potions of invisibility {!q!d}
 J - 7 potions of magic {!q!d}
 K - 7 potions of brilliance {!q!d}
 L - 4 potions of resistance {!q!d}
 N - 26 potions of curing {!q!d}
 O - 7 potions of haste {!q!d}
 R - 12 potions of attraction
 U - 11 potions of mutation {!d}
 V - 5 potions of cancellation {!q!d}
Miscellaneous
 d - a phantom mirror
 e - a condenser vane
 x - a phial of floods
 z - a box of beasts
 E - the horn of Geryon


   Skills:
 O Level 27 Fighting
 O Level 27 Crossbows
 O Level 27 Dodging
 - Level 20.8 Stealth
 - Level 10.1 Spellcasting
 - Level 21.7 Hexes
 - Level 13.8 Translocations
 O Level 27 Invocations
 * Level 21.6 Evocations


You had 22 spell levels left.
You knew the following spells:

 Your Spells              Type           Power      Damage    Failure   Level
a - Blink                 Tloc           78%        N/A       1%          2
b - Enfeeble              Hex            27%        N/A       1%          7
c - Cause Fear            Hex            27%        N/A       0%          4
d - Apportation           Tloc           78%        N/A       1%          1
e - Passage of Golubria   Tloc           39%        N/A       1%          4
f - Dispersal             Tloc           19%        N/A       6%          6

Your spell library contained the following spells:

 Spells                   Type           Power      Damage    Failure   Level
 Tukima's Dance           Hex            55%        N/A       0%          3
 Ensorcelled Hibernation  Hex/Ice        64%        N/A       1%          2
 Dazzling Flash           Conj/Hex       64%        N/A       1%          3
 Gell's Gravitas          Tloc           39%        N/A       1%          3
 Lesser Beckoning         Tloc           39%        N/A       1%          3
 Portal Projectile        Hex/Tloc       96%        N/A       1%          3
 Summon Guardian Golem    Hex/Summ       32%        N/A       1%          3
 Teleport Other           Tloc           39%        N/A       1%          3
 Anguish                  Hex/Necr       16%        N/A       1%          4
 Leda's Liquefaction      Hex/Erth       16%        N/A       1%          4
 Manifold Assault         Tloc           39%        N/A       1%          5
 Metabolic Englaciation   Hex/Ice        16%        N/A       3%          5
 Silence                  Hex/Air        16%        N/A       3%          5
 Summon Mana Viper        Hex/Summ       32%        N/A       3%          5
 Yara's Violent Unravell  Hex/Tmut       16%        3d8       3%          5
 Beastly Appendage        Tmut           12%        N/A       12%         1
 Magic Dart               Conj           24%        1d4       12%         1
 Necrotize                Necr           24%        1d5       12%         1
 Sandblast                Erth           12%        2d6       12%         1
 Sting                    Tmut/Pois      24%        1d4       12%         1
 Summon Small Mammal      Summ           24%        N/A       12%         1
 Call Imp                 Summ           6%         N/A       19%         2
 Passwall                 Tmut/Erth      5%         N/A       19%         2
 Poisonous Vapours        Pois/Air       12%        N/A       19%         2
 Static Discharge         Conj/Air       6%         N/A       19%         2
 Sublimation of Blood     Necr           6%         N/A       19%         2
 Wereblood                Tmut           6%         N/A       19%         2
 Call Canine Familiar     Summ           6%         N/A       34%         3
 Conjure Flame            Conj/Fire      6%         6-21      34%         3
 Frozen Ramparts          Ice            12%        1d3       34%         3
 Ignite Poison            Fire/Tmut/Pois 6%         N/A       34%         3
 Mephitic Cloud           Conj/Pois/Air  6%         N/A       34%         3
 Ozocubu's Armour         Ice            6%         N/A       34%         3
 Spider Form              Tmut/Pois      6%         N/A       34%         3
 Swiftness                Air            6%         N/A       34%         3
 Airstrike                Air            3%         N/A       75%         4
 Animate Dead             Necr           6%         N/A       75%         4
 Corpse Rot               Necr/Pois/Air  6%         N/A       75%         4
 Dispel Undead            Necr           6%         3d8       75%         4
 Hailstorm                Conj/Ice       6%         3d4       75%         4
 Ice Form                 Ice/Tmut       6%         N/A       75%         4
 Petrify                  Tmut/Erth      6%         N/A       75%         4
 Sticky Flame             Conj/Fire      6%         2d3       75%         4
 Summon Ice Beast         Ice/Summ       6%         N/A       75%         4
 Summon Lightning Spire   Summ/Air       6%         N/A       75%         4
 Disjunction              Tloc           19%        N/A       95%         8
 Agony                    Necr           6%         N/A       97%         5
 Borgnjor's Vile Clutch   Necr/Erth      3%         N/A       97%         5
 Freezing Cloud           Conj/Ice/Air   3%         6-21      97%         5
 Irradiate                Conj/Tmut      3%         3d14      97%         5
 Iskenderun's Battlesphe  Conj           6%         2d6       97%         5
 Lee's Rapid Deconstruct  Erth           3%         3d6*      97%         5
 Lightning Bolt           Conj/Air       3%         1d14      97%         5
 Death Channel            Necr           3%         N/A       100%        6
 Iron Shot                Conj/Erth      3%         9d2       100%        6
 Simulacrum               Ice/Necr       3%         N/A       100%        6
 Statue Form              Tmut/Erth      4%         N/A       100%        6
 Dragon Form              Tmut           3%         N/A       100%        7
 Haunt                    Necr/Summ      3%         N/A       100%        7
 Monstrous Menagerie      Summ           3%         N/A       100%        7
 Ozocubu's Refrigeration  Ice            3%         4d5       100%        7
 Spellforged Servitor     Conj/Summ      3%         N/A       100%        7
 Storm Form               Tmut/Air       3%         N/A       100%        7
 Summon Hydra             Summ           3%         N/A       100%        7
 Borgnjor's Revivificati  Necr           3%         N/A       100%        8
 Infestation              Necr           3%         N/A       100%        8
 Lehudib's Crystal Spear  Conj/Erth      3%         10d2      100%        8
 Maxwell's Capacitive Co  Air            3%         ∞         100%        8
 Necromutation            Tmut/Necr      3%         N/A       100%        8
 Chain Lightning          Conj/Air       3%         3d4       100%        9
 Death's Door             Necr           3%         N/A       100%        9
 Dragon's Call            Summ           3%         N/A       100%        9
 Fire Storm               Conj/Fire      3%         8d1       100%        9
 Shatter                  Erth           3%         3d7*      100%        9


Dungeon Overview and Level Annotations

Branches:
Dungeon (15/15) Zot: 23710  Temple (1/1) D:4 Zot: 5782    Lair (6/6) D:9 Zot: 21250
  Swamp (4/4) Lair:4 Zot: 19503   Snake (4/4) Lair:2 Zot: 18846   Slime (5/5) Lair:6 Zot: 26364
    Orc (2/2) D:12 Zot: 9665     Elf (3/3) Orc:2 Zot: 14532  Vaults (5/5) D:13 Zot: 19781
  Crypt (3/3) Vaults:2 Zot: 12956    Tomb (0/3) Crypt:3      Depths (4/4) D:15 Zot: 15955
   Hell (visited)             Dis (0/7) Hell            Geh (0/7) Hell
    Coc (0/7) Hell            Tar (7/7) Hell Zot: 26897     Zot (5/5) Depths:4 Zot: 24747
  Sewer (visited)         Ossuary (visited)          WizLab (visited)
Desolation (visited)      Gauntlet (visited)

Altars:
Ashenzari
Cheibriados
Dithmenos
Elyvilon
Fedhas
Gozag
Hepliaklqana
Kikubaaqudgha
Makhleb
Nemelex Xobeh
Okawaru
Qazlal
Ru
Sif Muna
Trog
Uskayaw
Vehumet
Wu Jian
Xom
Yredelemnul
Zin
The Shining One
Beogh

Shops:
D:6 :   Orc:2 ((!!   Snake:2 =::   Snake:3 (   Vaults:4 =   Depths:3 ([[[

Portals:
Hell: Depths:1 Depths:2 Depths:3 Depths:4
Abyss: Depths:3
Pandemonium: Depths:2 Depths:3
Ziggurat: Depths:2

Annotations:
Lair:1 3 runed translucent doors, exclusion: 3 doors
Lair:4 1 exclusion
Elf:2 3 runed translucent doors
Crypt:2 1 runed translucent door
Depths:3 1 transporter


Innate Abilities, Weirdness & Mutations

Your life essence is reduced to manifest your ancestor. (-10% HP)
You are small and have problems with some larger weapons.
You are completely attuned to the shadows.


Message History

The foul vapour engulfs you but does no damage.
Dalinar hits the profane servitor with a +0 broad axe of speed!!!
Dalinar hits the profane servitor with a +0 broad axe of speed!!
Dalinar closely misses the profane servitor.
Dalinar completely misses the putrid mouth.
The bone dragon completely misses you. x3; The bone dragon bites itself!!
The bone dragon claws itself!
The bone dragon tramples itself.
The profane servitor completely misses you. x2
Dalinar misses the profane servitor.
Dalinar hits the profane servitor with a +0 broad axe of speed!!
Dalinar hits the putrid mouth with a +0 broad axe of speed!!
Dalinar misses the profane servitor.
Dalinar blocks the profane servitor's attack. x2
The profane servitor completely misses you.
The profane servitor misses you. The putrid mouth closely misses you.
The putrid mouth completely misses you. x2
You block the putrid mouth's attack.
You hear a chilling moan.
Really quaff
N - 27 potions of curing {!q!d}?
You feel better.
You are engulfed in dark miasma.
* * * LOW HITPOINT WARNING * * *
The bone dragon seems less confused.
You block the profane servitor's attack.
The profane servitor completely misses you.
Dalinar blocks the profane servitor's attack.
The profane servitor closely misses Dalinar.
The profane servitor misses you.
The profane servitor hits you with a +2 whip of venom.
* * * LOW HITPOINT WARNING * * *
Dalinar hits the profane servitor with a +0 broad axe of speed!
Dalinar closely misses the profane servitor. x2
Dalinar barely misses the putrid mouth.
The reaper completely misses you.
The profane servitor completely misses you. x2
The putrid mouth completely misses you. x4; The putrid mouth misses you.
The putrid mouth completely misses you.
Dalinar mumbles some strange words.
Dalinar seems to speed up.
The bone dragon barely misses you.
The bone dragon completely misses you. x2
The profane servitor hits you with a +2 whip of venom!!
You die...

###########
########....°○)..######
#...#.AWW2.).#.....#...
#.∩..AR@D°)..#.....#...
#...#.°AW°.)####......#
######..#°..°. ####...#
.....#..... #......#
.....##... #......#
..#### .....####
.....)#.. ...).....
.......##


You could see the friendly Dalinar the knight (fast, idealised), a bone dragon,
3 profane servitors, a reaper and 3 putrid mouths.

Vanquished Creatures
  Cerebov (Pan)
  Mnoleg (Pan)
  A dread lich (Tar:6)
  3 ancient liches (Tar:6)
  Lom Lobon (Pan)
  2 orbs of fire
  3 juggernauts (Tar:1)
  7 pandemonium lords (Pan)
  Vv (Depths:2)
  2 Killer Klowns (Zot:5)
  Vashnia (Snake:2)
  3 curse toes
  Geryon (Hell)
  6 golden dragons
  Nikola (Swamp:1)
  4 profane servitors
  3 Brimstone Fiends (Pan)
  15 Tzitzimimeh
  9 bone dragons
  2 hellephants
  3 iron giants (Tar:1)
  7 doom hounds
  10 Hell Sentinels (Pan)
  4 tainted leviathans (Tar:1)
  Jorgrun (Swamp:3)
  An electric golem (Zot:3)
  3 walking crystal tomes
  3 Ice Fiends (Pan)
  2 deep elf blademasters (Elf:3)
  A shard shrike skeleton (Crypt:1)
  7 Orb Guardians (Zot:5)
  2 liches (Pan)
  13 tentacled monstrosities
  9 quicksilver dragons
  A walking frostbound tome (WizLab)
  11 titans
  A deep elf master archer (Elf:3)
  13 Executioners (Pan)
  13 acid blobs
  4 sphinxes
  Murray (Depths:1)
  2 ancient champions (Crypt:3)
  Asterion (Snake:4)
  8 death cobs
  4 tengu reavers
  12 storm dragons
  10 rockslimes
  4 draconian monks
  A strange machine (WizLab)
  5 shadow dragons
  3 revenants
  2 nagarajas
  9 frost giants
  4 demonspawn warmongers (Pan)
  5 deep elf sorcerers
  4 ghost moths
  15 vault wardens
  7 azure jellies
  3 draconian knights
  A daeva (Pan)
  10 fire giants
  2 orc warlords
  3 imperial myrmidons (Desolation)
  Louise (Depths:3)
  An iron dragon (Depths:1)
  A deep elf elementalist (Elf:3)
  2 spectral caustic shrikes (Tar:6)
  23 balrugs
  2 draconian stormcallers
  Aizul (Snake:4)
  12 cacodemons (Pan)
  3 draconian scorchers
  5 draconian shifters
  A spriggan defender (Depths:3)
  7 war gargoyles
  3 ghouls
  21 very ugly things
  13 reapers
  8 quicksilver oozes
  4 curse skulls
  5 demonspawn blood saints (Pan)
  7 draconian annihilators
  14 stone giants
  6 black draconians
  4 vampire knights
  4 demonspawn corrupters (Pan)
  12 ironbound preservers
  Nessos (Orc:2)
  9 putrid mouths
  7 green draconians
  6 ironbound thunderhulks
  2 halazid warlocks (Desolation)
  An entropy weaver (Vaults:2)
  12 lorocyprocas (Pan)
  2 eleionomae
  14 deep elf annihilators
  An eleionoma (shapeshifter) (Vaults:5)
  7 demonspawn black suns (Pan)
  8 deep elf demonologists
  8 yellow draconians
  4 bunyips
  5 red draconians
  8 purple draconians
  5 white draconians
  A spectral titan (Tar:2)
  4 spark wasps
  2 iron golems
  A crystal guardian (Vaults:2)
  Snorg (Lair:3)
  9 dire elephants
  2 eidola
  15 green deaths (Pan)
  9 deep elf death magi
  21 blizzard demons (Pan)
  The ghost of chrisa4242 the Basher, a journeyman DsCK of Xom (Orc:2)
  5 ettins
  6 jiangshi
  2 ragged hierophants (Desolation)
  7 ice dragons
  35 vault guards
  11 rakshasas
  9 yaktaur captains
  3 deep elf high priests
  8 great orbs of eyes
  A spectral spriggan (Tar:4)
  A servant of whispers (Desolation)
  3 ghost crabs
  A salamander tyrant (Snake:4)
  2 spriggan air magi (Pan)
  2 boulder beetles
  8 hell beasts
  5 hydras
  11 peacekeepers
  8 anacondas
  An ogre mage (D:15)
  A spriggan skeleton (Pan)
  7 two-headed ogres
  5 ironbound frosthearts
  5 centaur warriors
  25 dancing weapons
  12 naga warriors
  An alligator (Swamp:1)
  An azure jelly zombie (Crypt:1)
  2 deep troll shamans
  2 spectral dire elephants
  4 vampire magi
  11 deep troll earth magi
  4 tengu warriors (D:14)
  15 deep elf knights
  15 naga sharpshooters
  An orc high priest (Elf:2)
  4 death yaks
  9 hell hogs
  2 spriggan berserkers (Depths:4)
  42 soul eaters
  3 hell knights (Depths:1)
  6 shock serpents
  69 sun demons
  4 iron trolls
  6 salamander mystics
  28 sixfirhies (Pan)
  A titan skeleton (Crypt:3)
  7 shadow wraiths
  8 skeletal warriors
  3 bog bodies
  A death drake (Swamp:4)
  17 deep trolls
  4 naga ritualists
  A goliath frog (Swamp:2)
  8 sea snakes
  A glowing orange brain (shapeshifter) (Vaults:5)
  9 shadow demons (Pan)
  8 glowing orange brains
  A spectral iron dragon (Tar:6)
  4 flayed ghosts
  5 spriggan druids
  2 swamp dragons (Swamp:3)
  A spectral hydra (Tar:4)
  An orange crystal statue (D:11)
  15 ironbound convokers
  3 harpies (Vaults:2)
  22 deep elf pyromancers
  2 anaconda skeletons
  12 lindwurms
  3 wizards
  A bunyip skeleton (Crypt:2)
  3 orc knights
  10 deep elf archers
  7 phantasmal warriors
  3 necromancers
  An iron dragon zombie (Crypt:1)
  4 shining eyes
  8 mana vipers
  30 ugly things
  16 deep elf zephyrmancers
  A spectral alligator snapping turtle (Tar:2)
  2 cyclopes (shapeshifter)
  A stone giant zombie (Vaults:3)
  6 cyclopes
  18 salamanders
  A will-o-the-wisp (Swamp:2)
  21 moths of wrath
  7 guardian serpents
  2 manticores
  A stone giant skeleton (Pan)
  13 naga magi
  A spectral ettin (Tar:6)
  11 rust devils
  3 eyes of devastation
  9 vault sentinels
  2 elephants (Lair:3)
  30 black mambas
  39 smoke demons
  A dire elephant skeleton (Pan)
  A shock serpent skeleton (Crypt:1)
  9 cane toads
  8 hellions
  2 sea snake zombies (Hell)
  3 molten gargoyles
  24 orange demons
  A purple draconian zombie (Crypt:2)
  An unseen horror (Pan)
  2 gargoyles
  2 tengu conjurers
  8 ice devils
  21 demonic crawlers
  22 tormentors
  11 efreet
  22 yaktaurs
  6 kobold demonologists
  8 guardian mummies
  7 freezing wraiths
  A silent spectre (Tar:4)
  3 swamp worm zombies (Swamp:4)
  A spectral two-headed ogre (Tar:2)
  A queen bee (D:14)
  A spectral harpy (Tar:4)
  3 hydra zombies
  4 bloated husks
  2 trolls
  38 hellwings (Pan)
  8 meliai (D:14)
  6 polar bears
  9 red devils
  11 hornets
  2 tyrant leeches
  A hydra skeleton (Hell)
  37 saltlings
  3 blink frogs (Lair:5)
  A harpy skeleton (Pan)
  89 slime creatures
  A dream sheep (Lair:6)
  2 alligator zombies (Swamp:4)
  15 shadows
  2 air elementals (Elf:1)
  3 flying skulls (Crypt:3)
  33 ynoxinuls (Pan)
  38 yaks
  18 spriggans
  An ushabti (Crypt:3)
  7 wraiths
  An ettin skeleton (Hell)
  54 large abominations (Pan)
  7 water elementals
  A vampire (D:9)
  A human (shapeshifter) (Elf:2)
  2 wyverns
  2 humans (D:13)
  3 fire elementals
  4 vampire mosquitoes
  7 golden eyes (Pan)
  A human simulacrum (Vaults:3)
  A steam dragon (D:7)
  23 chaos spawn (Pan)
  18 neqoxecs (Pan)
  A naga zombie (Crypt:3)
  A redback (shapeshifter) (Vaults:1)
  A sea snake simulacrum (Hell)
  11 swamp worms
  33 nagas
  4 acid dragons
  A warg (Orc:2)
  Duvessa (D:4)
  2 hydra simulacra (Hell)
  5 water moccasins
  A hell hound (Depths:1)
  3 naga skeletons
  2 floating eyes
  A meliai simulacrum (D:14)
  7 orc warriors
  2 sky beasts
  2 black bears
  A hornet zombie (Crypt:3)
  An ice beast (D:8)
  2 swamp drakes (Swamp:1)
  4 boggarts
  3 swamp dragon zombies (Swamp:4)
  6 ogres
  A blink frog skeleton (Crypt:2)
  24 wolves
  13 centaurs
  2 phantoms
  5 kobold brigands
  3 necrophages
  A draconian skeleton (Crypt:3)
  4 scorpions
  2 gnoll sergeants
  9 bullfrogs
  4 water moccasin zombies (Ossuary)
  4 earth elementals
  3 wights (D:6)
  Dowan (D:4)
  21 killer bees
  5 howler monkeys
  An electric eel (Lair:6)
  2 crimson imps (Pan)
  13 orc priests
  A centaur skeleton (Crypt:2)
  4 hounds
  4 jellies
  2 iguanas
  A human skeleton (Crypt:1)
  16 orc wizards
  8 hell rats
  2 spectral swamp drakes (Swamp:4)
  A tengu zombie (Crypt:2)
  4 mummies
  8 gnolls
  13 adders
  A shadow imp (D:7)
  3 white imps
  3 ufetubi
  2 adder zombies (Ossuary)
  A jelly zombie (Crypt:2)
  3 worms
  53 orcs
  3 endoplasms
  2 giant cockroaches
  2 gnoll zombies (Ossuary)
  4 hobgoblins
  22 kobolds
  3 quokkas (D:4)
  15 ball pythons
  A bat (D:1)
  An endoplasm zombie (Crypt:1)
  9 frilled lizards
  5 goblins
  2 hobgoblin zombies (Ossuary)
  4 kobold zombies (Ossuary)
  An orc skeleton (Crypt:1)
  8 orc zombies (Ossuary)
  14 rats
2485 creatures vanquished.

Vanquished Creatures (collateral kills)
  the Royal Jelly (Slime:5)
  Gloorx Vloq (Pan)
  2 dread liches (Tar:6)
  3 ancient liches (Tar:6)
  Mara (Depths:1)
  2 juggernauts (Tar:1)
  Frederick (Crypt:1)
  A royal mummy (Crypt:3)
  A Killer Klown (Zot:5)
  A golden dragon (Depths:4)
  4 profane servitors
  A bone dragon (Tar:2)
  2 doom hounds
  A Brimstone Fiend (Pan)
  A pandemonium lord (Pan)
  3 Tzitzimimeh
  3 tentacled monstrosities
  3 hellephants (Depths:4)
  2 Hell Sentinels (Pan)
  2 tainted leviathans
  2 quicksilver dragons
  A lich (Crypt:2)
  A walking divine tome (WizLab)
  A titan (Tar:1)
  8 acid blobs
  2 walking frostbound tomes
  3 Executioners (Pan)
  4 death cobs
  6 ancient champions
  A storm dragon (Zot:2)
  A sphinx (D:14)
  A strange machine (WizLab)
  3 shadow dragons
  A thorn hunter (Swamp:2)
  2 tengu reavers
  2 azure jellies (Slime:5)
  3 rockslimes
  2 deep elf sorcerers
  A draconian monk (Zot:2)
  5 vault wardens
  A demonspawn warmonger (Pan)
  10 fire giants
  6 balrugs (Pan)
  5 cacodemons (Pan)
  5 frost giants
  2 imperial myrmidons (Desolation)
  An orc warlord (Vaults:1)
  6 nagarajas (Snake:4)
  4 reapers
  A draconian shifter (Zot:1)
  2 draconian stormcallers
  A draconian scorcher (Zot:2)
  2 curse skulls
  A ghoul (Crypt:2)
  An ironbound preserver (Vaults:4)
  3 demonspawn blood saints (Pan)
  10 very ugly things
  2 draconian annihilators
  An ironbound thunderhulk (Vaults:3)
  4 quicksilver oozes (Slime:5)
  3 vampire knights
  A war gargoyle (Vaults:2)
  3 stone giants
  A demonspawn corrupter (Pan)
  3 black draconians
  4 deep elf demonologists (Elf:3)
  3 red draconians
  2 dire elephants (Vaults:1)
  2 lorocyprocas (Pan)
  2 green draconians
  5 putrid mouths
  2 purple draconians
  A demonspawn black sun (Pan)
  A bunyip (Swamp:4)
  3 spark wasps
  2 white draconians
  4 deep elf annihilators
  2 yellow draconians (Zot:5)
  5 deep elf death magi
  3 green deaths
  An iron golem (Depths:1)
  An eidolon (Crypt:2)
  2 ettins
  4 fire dragons
  2 blizzard demons (Pan)
  2 deep elf high priests (Elf:3)
  5 jiangshi
  2 yaktaur captains
  A great orb of eyes (Slime:1)
  3 mummy priests (Crypt:3)
  5 ragged hierophants (Desolation)
  2 ice dragons
  3 servants of whispers (Desolation)
  8 rakshasas
  7 vault guards
  A boulder beetle (Vaults:3)
  5 hydras
  8 naga warriors
  2 salamander tyrants
  An ogre mage (Vaults:5)
  3 ironbound frosthearts
  A spriggan air mage (Depths:2)
  2 peacekeepers (Desolation)
  A catoblepas (D:15)
  2 centaur warriors (D:14)
  A spriggan skeleton (Crypt:3)
  3 two-headed ogres
  4 anacondas
  4 dancing weapons
  A deep troll shaman (Depths:3)
  7 hell hogs
  A death knight (Crypt:1)
  A fenstrider witch skeleton (Crypt:3)
  A tengu warrior (Depths:1)
  An alligator (Swamp:1)
  2 death yaks
  5 vampire magi
  Urug (Orc:2)
  A spriggan berserker (Depths:3)
  4 soul eaters (Pan)
  An orc high priest (Orc:2)
  8 naga sharpshooters
  2 hell knights (Depths:1)
  A deep elf knight (Elf:1)
  Amaemon (Lair:2)
  Sonja (Lair:3)
  4 sixfirhies (Pan)
  A titan skeleton (Vaults:4)
  9 shadow wraiths
  A goliath frog (Swamp:3)
  2 iron trolls
  17 skeletal warriors
  13 sun demons
  A golden dragon zombie (Crypt:3)
  A spriggan druid (Swamp:4)
  A swamp dragon (Swamp:1)
  A salamander mystic (Snake:4)
  4 sea snakes
  A shadow demon (Pan)
  2 flayed ghosts (Crypt:2)
  5 bog bodies
  A death drake (shapeshifter) (Vaults:2)
  5 ironbound convokers
  6 phantasmal warriors
  4 deep elf archers
  11 deep trolls
  2 spectral hydras (Swamp:4)
  4 necromancers
  2 glowing orange brains
  A naga ritualist (Snake:1)
  3 wizards
  A bunyip skeleton (Crypt:1)
  9 orc knights
  4 deep elf pyromancers
  19 ugly things
  12 deep elf zephyrmancers
  An oklob plant (Lair:3)
  2 stone giant zombies
  3 mana vipers
  2 harpies (Vaults:2)
  5 lindwurms
  An orc sorcerer (Orc:2)
  A knight (Pan)
  A shining eye (Slime:5)
  3 manticores
  2 moths of wrath
  3 guardian serpents
  3 salamanders
  4 elephants (Lair:3)
  2 cyclopes (Orc:2)
  3 vault sentinels
  Maurice (Orc:2)
  A torpor snail (Lair:4)
  A rust devil (Pan)
  11 black mambas
  A cane toad (shapeshifter) (D:15)
  4 smoke demons (Pan)
  A molten gargoyle (Hell)
  An orange demon (Pan)
  A dire elephant zombie (Crypt:3)
  Psyche (D:11)
  4 cane toads
  A hellion (Hell)
  8 naga magi
  An alligator snapping turtle zombie (Crypt:3)
  A centaur skeleton (Hell)
  3 tormentors (Pan)
  2 swamp worm zombies
  3 demonic crawlers (Pan)
  An efreet (Pan)
  9 yaktaurs
  2 ice devils (Hell)
  A komodo dragon (Lair:2)
  3 freezing wraiths
  2 tengu conjurers
  6 hellwings (Pan)
  An unseen horror (D:11)
  An elf (Vaults:4)
  9 trolls
  3 guardian mummies
  A white draconian skeleton (Crypt:3)
  2 hydra zombies (Swamp:4)
  7 large abominations (Pan)
  3 harpy skeletons
  3 blink frogs (Lair:5)
  A sphinx simulacrum (Vaults:4)
  8 hornets
  27 slime creatures
  A tyrant leech (Swamp:1)
  20 saltlings
  A spectral swamp dragon (Swamp:4)
  A slime creature (shapeshifter) (Depths:2)
  2 alligator zombies (Swamp:4)
  12 spriggans
  A flying skull (Vaults:2)
  A centaur simulacrum (Hell)
  9 yaks
  A shadow (D:11)
  5 wraiths
  An ettin skeleton (Crypt:1)
  7 ynoxinuls
  3 humans (D:13)
  A tyrant leech zombie (Crypt:3)
  A golden eye (Pan)
  2 basilisks
  2 ushabtiu (Crypt:3)
  3 neqoxecs (Pan)
  6 chaos spawn (Pan)
  A human simulacrum (Vaults:3)
  Grum (Lair:1)
  9 vampire mosquitoes
  14 nagas
  3 wargs (Orc:2)
  An acid dragon (D:8)
  3 swamp worms
  7 water moccasins
  A glowing shapeshifter skeleton (Vaults:3)
  2 swamp drakes (Swamp:1)
  2 hell hounds (Hell)
  A black bear (Lair:6)
  20 orc warriors
  4 centaurs
  4 boggarts (Lair:6)
  11 wolves
  An ogre (Orc:2)
  A phantom (Swamp:4)
  An elf simulacrum (Vaults:4)
  A bullfrog (Lair:5)
  2 gnoll sergeants
  2 human skeletons
  2 wights (D:6)
  15 killer bees
  A troll skeleton (Crypt:2)
  A howler monkey (D:13)
  A crimson imp (Pan)
  7 orc priests
  10 orc wizards
  4 hell rats (Hell)
  5 mummies
  5 gnolls
  3 swamp drake zombies (Swamp:4)
  An ufetubus (D:11)
  An adder zombie (Crypt:1)
  An adder skeleton (Crypt:1)
  20 orcs
  A kobold (D:10)
  A kobold skeleton (Crypt:3)
  3 pillars of salt (Orc:2)
904 creatures vanquished.

Vanquished Creatures (others)
  A deep elf master archer (Elf:3)
  An eldritch tentacle (Pan)
  A green death (Pan)
  A yaktaur captain (Vaults:3)
  A ghost crab (Swamp:4)
  A deep elf knight (Elf:1)
  A deep troll (Depths:1)
  A wizard (Pan)
  A phantasmal warrior (Swamp:4)
  A deep elf zephyrmancer (Elf:2)
  An orange demon (Pan)
  2 yaktaurs
  A dancing weapon (WizLab)
  2 hellwings (Pan)
  4 bloated husks (Swamp:4)
  A saltling (Desolation)
  2 nagas
  A phantom (Swamp:4)
  44 knights
  10 ancestors
  An orc (D:9)
  14 ball lightnings (Pan)
  3 briar patches (Swamp:2)
  4 foxfires (Swamp:2)
  44 fungi
  A pillar of salt (Elf:2)
  117 plants
  2 withered plants (Gauntlet)
264 creatures vanquished.

Grand Total: 3653 creatures vanquished

Notes
Turn   | Place    | Note
-------+----------+-------------------------------------------
     0 | D:1      | buhh the Kobold Hunter began the quest for the Orb.
     0 | D:1      | Reached XP level 1. HP: 12/12 MP: 1/1
   282 | D:1      | Found a faded altar of an unknown god.
   345 | D:1      | Reached XP level 2. HP: 8/17 MP: 2/2
  1005 | D:2      | Reached XP level 3. HP: 21/21 MP: 3/3
  1637 | D:2      | Reached XP level 4. HP: 26/26 MP: 4/4
  2242 | D:3      | Noticed a black bear
  2948 | D:4      | Found a glowing drain.
  2981 | Sewer    | Entered a sewer
  3208 | Sewer    | Reached XP level 5. HP: 30/30 MP: 5/5
  3448 | D:4      | Noticed Duvessa
  3449 | D:4      | Noticed Dowan
  3581 | D:3      | Identified a scroll of acquirement
  3583 | D:3      | Acquired the +0 hat of Privacy {rElec rCorr Str-3}
  3625 | D:4      | Found a burning altar of Makhleb.
  3626 | D:4      | Noticed a phantom
  3802 | D:4      | Noticed a black bear
  3854 | D:5      | Entered Level 5 of the Dungeon
  3875 | D:5      | Found a sacrificial altar of Ru.
  3916 | D:5      | Reached XP level 6. HP: 35/35 MP: 6/6
  4039 | D:5      | Reached XP level 7. HP: 27/40 MP: 7/7
  4138 | D:5      | Found a sand-covered staircase.
  4147 | Ossuary  | Entered an ossuary
  4485 | Ossuary  | Reached XP level 8. HP: 41/44 MP: 8/8
  4975 | D:5      | Reached skill level 11 in Crossbows
  5995 | D:6      | You fall into a shaft and drop 2 floors!
  6073 | D:8      | Reached XP level 9. HP: 17/48 MP: 9/9
  6948 | D:8      | Identified the +1 kite shield of the Eternal Void {*Slow
                  | rC+ Int+8}
  7173 | D:7      | Found a white marble altar of Elyvilon.
  7842 | D:6      | Identified the +2 leather armour of Catatonia {Will+}
  8070 | D:6      | Found a glowing silver altar of Zin.
  8573 | D:6      | Found Ystubo's Book Emporium.
  8916 | D:7      | Reached XP level 10. HP: 43/58 MP: 10/10
 10626 | D:9      | Found a bloodstained altar of Trog.
 10626 | D:9      | Found a stormy altar of Qazlal.
 12232 | D:4      | Found a staircase to the Ecumenical Temple.
 12238 | Temple   | Entered the Ecumenical Temple
 12325 | Temple   | Became a worshipper of Hepliaklqana the Forgotten
 12566 | D:4      | Killed Duvessa
 12571 | D:4      | Killed Dowan
 13341 | D:9      | Reached XP level 11. HP: 48/68 MP: 11/11
 14211 | D:9      | Noticed a sixfirhy
 14594 | D:9      | Found a staircase to the Lair.
 14649 | D:10     | Entered Level 10 of the Dungeon
 15613 | D:10     | Reached * piety under Hepliaklqana
 15695 | D:10     | Reached skill level 11 in Dodging
 17081 | D:11     | Noticed a skeletal warrior
 17081 | D:11     | Noticed a skeletal warrior
 17204 | Lair:1   | Entered Level 1 of the Lair of Beasts
 17435 | Lair:2   | Reached XP level 12. HP: 71/71 MP: 12/12
 17486 | Lair:3   | Reached skill level 11 in Fighting
 18085 | Lair:1   | Found a runed translucent gate.
 18086 | Lair:1   | Found a runed translucent gate.
 18087 | Lair:1   | Found a runed translucent gate.
 18870 | Lair:1   | Noticed Grum
 18881 | Lair:1   | Killed Grum
 19742 | Lair:2   | Found a broken altar of Ashenzari.
 19774 | Lair:2   | Noticed Amaemon
 19816 | Lair:2   | Reached ** piety under Hepliaklqana
 19817 | Lair:2   | Remembered your ancestor Dalinar as a knight
 19853 | Lair:2   | Found a staircase to the Snake Pit.
 20132 | Lair:2   | Identified the +0 scale mail "Ryexujea" {*Slow +Inv rPois
                  | rN+}
 20461 | Lair:2   | Identified the +1 scale mail of Hide-and-Seek {+Inv rPois}
 21162 | Lair:3   | Noticed Snorg
 21218 | Lair:3   | Killed Snorg
 21353 | Lair:3   | Noticed Sonja
 21400 | Lair:3   | Killed Sonja
 22017 | Lair:3   | Reached XP level 13. HP: 45/79 MP: 18/18
 22728 | Lair:4   | Reached *** piety under Hepliaklqana
 23259 | Lair:4   | Noticed a five-headed hydra
 24434 | Lair:6   | Entered Level 6 of the Lair of Beasts
 24441 | Lair:6   | Noticed an eight-headed hydra
 24838 | Lair:6   | Reached skill level 15 in Dodging
 25243 | Lair:6   | Found a staircase to the Slime Pits.
 25572 | Lair:6   | Reached **** piety under Hepliaklqana
 25993 | Lair:6   | Reached XP level 14. HP: 67/84 MP: 20/20
 27753 | D:11     | Noticed Psyche
 27759 | D:11     | Killed Psyche
 30375 | Lair:4   | Reached skill level 11 in Invocations
 30392 | Lair:4   | Found a staircase to the Swamp.
 30596 | D:9      | Learned a level 2 spell: Blink
 30845 | D:12     | Identified the ring "Ecef" {Fly rF+}
 30880 | D:12     | Found a staircase to the Orcish Mines.
 30943 | D:12     | Found a gate leading to a gauntlet.
 30955 | Gauntlet | Entered a Gauntlet
 31030 | Gauntlet | Found a transporter.
 31076 | Gauntlet | Noticed a reaper
 31081 | Gauntlet | Found a transporter.
 31135 | Gauntlet | Found a transporter.
 31185 | Gauntlet | Found a transporter.
 31206 | Gauntlet | Found a transporter.
 31207 | Gauntlet | Found a transporter.
 31224 | Gauntlet | Found a transporter.
 31224 | Gauntlet | Found a transporter.
 31265 | D:12     | Reached skill level 15 in Crossbows
 32162 | D:13     | Found a portal to a secret trove of treasure.
 33439 | Orc:1    | Entered Level 1 of the Orcish Mines
 33518 | Orc:1    | Reached XP level 15. HP: 90/90 MP: 23/23
 33771 | Orc:1    | Reached skill level 15 in Fighting
 33987 | Orc:2    | Entered Level 2 of the Orcish Mines
 34018 | Orc:2    | Found a staircase to the Elven Halls.
 34065 | Orc:2    | Noticed an orc warlord
 34078 | Orc:2    | Killed an orc warlord
 34134 | Orc:2    | Found a runed translucent door.
 34180 | Orc:2    | Noticed Nessos
 34362 | Orc:2    | Noticed Urug
 34370 | Orc:2    | Killed Urug
 34850 | Orc:2    | Killed Nessos
 34891 | Orc:2    | Noticed Maurice
 34897 | Orc:2    | Killed Maurice
 35183 | Orc:2    | Found Efrour's Distillery.
 35189 | Orc:2    | Bought a potion of might for 52 gold pieces
 35189 | Orc:2    | Bought a potion of curing for 39 gold pieces
 35189 | Orc:2    | Bought a potion of cancellation for 104 gold pieces
 35189 | Orc:2    | Bought a potion of brilliance for 52 gold pieces
 35393 | Orc:2    | Found Roblosse's Distillery.
 35393 | Orc:2    | Found Paiqoesch's Antique Weapon Shoppe.
 35402 | Orc:2    | Bought an iridescent arbalest for 304 gold pieces
 35402 | Orc:2    | Identified the +6 arbalest "Vetoodow" {penet, rElec rPois
                  | Will++ MP-9 Dex+3} (You bought it in a shop on level 2 of
                  | the Orcish Mines)
 35427 | Orc:2    | Found Pupragh's Weapon Shoppe.
 35446 | Orc:2    | Bought the +6 arbalest "Damnation" {damnation} for 880 gold
                  | pieces
 35446 | Orc:2    | Found the +6 arbalest "Damnation" {damnation}
 35564 | Orc:2    | Noticed chrisa4242's ghost (journeyman DsCK)
 35569 | Orc:2    | Killed chrisa4242's ghost
 35749 | D:11     | Identified the +2 cloak of the Shore {Str-4 Dex+6}
 35854 | D:11     | Reached skill level 11 in Stealth
 36334 | Snake:1  | Entered Level 1 of the Snake Pit
 36453 | Swamp:1  | Entered Level 1 of the Swamp
 36862 | Swamp:1  | Noticed Nikola
 36874 | Swamp:1  | Killed Nikola
 36875 | Swamp:1  | Reached XP level 16. HP: 65/97 MP: 15/24
 37333 | Swamp:2  | Noticed a thorn hunter
 37725 | Swamp:2  | Noticed a tentacled monstrosity
 37736 | Swamp:2  | Killed a tentacled monstrosity
 37811 | Swamp:2  | Killed a thorn hunter
 38253 | Swamp:3  | Noticed Jorgrun
 38261 | Swamp:3  | Killed Jorgrun
 38642 | Swamp:3  | Identified the +1 quarterstaff "Peugos" {spect, rN++}
 38687 | Swamp:4  | Entered Level 4 of the Swamp
 39858 | Lair:2   | Killed Amaemon
 40196 | D:14     | Reached XP level 17. HP: 103/103 MP: 16/25
 40343 | D:14     | Noticed a sphinx
 40346 | D:14     | Killed a sphinx
 41055 | D:14     | Reached skill level 18 in Fighting
 41280 | D:15     | Entered Level 15 of the Dungeon
 41920 | D:15     | Found a staircase to the Depths.
 42721 | Snake:1  | Reached XP level 18. HP: 116/116 MP: 17/26
 42833 | Snake:1  | You fall into a shaft and drop 1 floor!
 42845 | Snake:2  | Found a flickering gateway to a bazaar.
 42852 | Bazaar   | Entered a bazaar
 42883 | Bazaar   | Found Mimos's Book Boutique.
 42929 | Bazaar   | Found Unonn's Antique Weapon Boutique.
 42948 | Bazaar   | Found Qayloy's Antique Weapon Shoppe.
 42987 | Bazaar   | Found Kaklir's Antique Armour Emporium.
 43030 | Bazaar   | Found Coisum's Antique Armour Emporium.
 43032 | Bazaar   | Reached ***** piety under Hepliaklqana
 43035 | Bazaar   | Bought a transparent cloak for 180 gold pieces
 43035 | Bazaar   | Identified the +1 cloak "Sivaibb" {Harm rElec rC- Regen+}
                  | (You bought it in a shop in a bazaar)
 43037 | Bazaar   | Bought a pair of runed gloves for 142 gold pieces
 43077 | Bazaar   | Bought a book of the Warp for 480 gold pieces
 43528 | Snake:2  | Noticed Vashnia
 44305 | Snake:1  | Acquired 467 gold pieces
 44652 | Snake:2  | Killed Vashnia
 44653 | Snake:2  | Reached skill level 18 in Dodging
 44730 | Snake:2  | Found Junweram's Book Shop.
 44730 | Snake:2  | Found Kituiw's Book Shop.
 44753 | Snake:2  | Found Qefoextid's Jewellery Shoppe.
 45402 | Snake:3  | Reached XP level 19. HP: 121/121 MP: 18/27
 45624 | Snake:3  | Found Fewiv's Weapon Shop.
 45792 | Snake:4  | Entered Level 4 of the Snake Pit
 45986 | Snake:4  | Noticed Aizul
 45992 | Snake:4  | Killed Aizul
 46037 | Snake:4  | Found the +5 robe of Night {Dark Will+ SInv}
 47121 | Snake:4  | Reached skill level 22 in Dodging
 47549 | Snake:4  | Noticed Asterion
 47557 | Snake:4  | Killed Asterion
 47703 | Snake:4  | Got a serpentine rune of Zot
 47854 | Snake:4  | Reached XP level 20. HP: 113/126 MP: 19/28
 48587 | D:13     | Found a gate to the Vaults.
 48611 | D:13     | Identified the +8 great sword "Hokis" {flame, Will++}
 48620 | Vaults:1 | Entered Level 1 of the Vaults
 49424 | Vaults:1 | Identified the +1 pair of gloves of Untold Secrets {Rampage
                  | *Slow Regen+ Str+5}
 51730 | Vaults:2 | Reached ****** piety under Hepliaklqana
 51872 | Vaults:2 | Found a staircase to the Crypt.
 51888 | Vaults:2 | Reached XP level 21. HP: 94/128 MP: 20/29
 52363 | Vaults:2 | Reached skill level 18 in Crossbows
 52778 | Vaults:3 | You are sucked into a shaft and drop 1 floor!
 53257 | Vaults:4 | Found Umyxzoirel's Jewellery Emporium.
 53262 | Vaults:4 | Bought an amulet of reflection for 630 gold pieces
 54623 | Vaults:3 | Reached skill level 22 in Crossbows
 54769 | Vaults:3 | Reached XP level 22. HP: 134/136 MP: 21/30
 55342 | Elf:1    | Entered Level 1 of the Elven Halls
 55632 | Elf:1    | Found a shimmering blue altar of Sif Muna.
 56537 | Elf:2    | Found a crumbling gateway.
 56542 | Desolati | Entered the Desolation of Salt
 56698 | Desolati | Got the Incunabulum of Toxins and Moulding
 56740 | Desolati | Got Runiep's Collected Works on Dusty Poisoning
 56797 | Desolati | Got the Tome of the Enchanting Glacier
 57590 | Desolati | Identified the +9 plate armour of the Tired Visionaries
                  | {Harm Regen+}
 57614 | Desolati | Identified the ring "Wumnuerph" {rCorr SInv}
 57689 | Desolati | Identified the +12 broad axe of the Toothy God {vorpal,
                  | +Blink}
 58342 | Elf:2    | Reached skill level 11 in Hexes
 58370 | Elf:2    | Reached XP level 23. HP: 140/140 MP: 22/31
 58620 | Elf:2    | Found a runed translucent gate.
 58620 | Elf:2    | Found a runed translucent gate.
 58620 | Elf:2    | Found a runed translucent gate.
 58986 | Elf:3    | Entered Level 3 of the Elven Halls
 59606 | Elf:3    | Identified the +1 chain mail of the Grinning Gods {rC-
                  | Int+5 Stlth+}
 59728 | Elf:3    | Identified the amulet "Gogaefat" {Spirit Drain +Blink +Inv
                  | rF+++}
 59747 | Elf:3    | Identified the +8 trident "Umaehuma" {vorpal, Contam rPois
                  | rC+ Stlth+}
 59895 | Elf:3    | Identified the +3 war axe of the Imbibing Gnat {flame,
                  | Dex+7}
 59904 | Elf:3    | Identified the +10 quarterstaff "Nackih Mefa" {vamp, rC+
                  | rCorr MP-9}
 59915 | Elf:3    | Reached skill level 15 in Hexes
 59926 | Elf:3    | Identified the +3 rapier "Tuvil" {vorpal, rPois rF+ Dex+2}
 60068 | Elf:3    | Identified the +3 hunting sling of Grontol {venom, Dex+6}
 60093 | Elf:3    | Identified the +0 plate armour of the Harvest {Will++ Str+3
                  | Int+4 Dex-2}
 61365 | Swamp:4  | Identified the +6 shortbow of the Devouring Eel {venom,
                  | rPois Will+ Int+2}
 61404 | Swamp:4  | Got a decaying rune of Zot
 62252 | Crypt:1  | Entered Level 1 of the Crypt
 62832 | Crypt:1  | Reached XP level 24. HP: 146/146 MP: 22/31
 62876 | Crypt:1  | Learned a level 7 spell: Enfeeble
 63061 | Crypt:1  | Noticed Frederick
 63066 | Crypt:1  | Killed Frederick
 64382 | Crypt:2  | Found a runed translucent door.
 64383 | Crypt:2  | Noticed an ancient lich
 64980 | Crypt:3  | Entered Level 3 of the Crypt
 66688 | Crypt:3  | Identified the ring of Tad Esub {rF+ rN+ Dex-2 Slay+3}
 66692 | Crypt:3  | Noticed a royal mummy
 66699 | Crypt:3  | Killed a royal mummy
 66992 | Crypt:3  | Found an ancient bone altar of Kikubaaqudgha.
 66992 | Crypt:3  | Found a basalt altar of Yredelemnul.
 67018 | Crypt:3  | Found the +13 scythe of Curses {drain, Drain}
 67020 | Crypt:3  | Identified the ring of Conversion {rN+ Stlth+}
 67020 | Crypt:3  | Identified the ring "Ocsot" {rPois rC+ rN+ Dex+2}
 67024 | Crypt:3  | Identified the +7 hunting sling of Xuhiabli {vorpal, rElec
                  | Will- rCorr Int+3}
 67056 | Crypt:3  | Identified the +0 robe "Bucyt" {rCorr Dex+4}
 67321 | Crypt:3  | Found a staircase to the Tomb.
 67800 | D:13     | You paid a toll of 6 scrolls of fear to enter a treasure
                  | trove
 67801 | Trove    | Entered a treasure trove
 67839 | Trove    | Identified the +0 pair of boots of the Hurricane {rN+ Will+
                  | Dex+4}
 67917 | Trove    | Identified the +3 robe of Dogma {Fly Int+4}
 67918 | Trove    | Identified the +0 pair of gloves of Howling Wind {rPois}
 67925 | Trove    | Identified the amulet of Leton {Faith rElec rPois rC++}
 67927 | Trove    | Identified the amulet "Oxyclar" {RegenMP rF- Will+ Int+5
                  | Stlth+}
 67998 | D:13     | Learned a level 4 spell: Cause Fear
 68000 | D:13     | Learned a level 1 spell: Apportation
 68005 | D:13     | Learned a level 4 spell: Passage of Golubria
 68012 | D:13     | Learned a level 6 spell: Dispersal
 68095 | Depths:1 | Entered Level 1 of the Depths
 68103 | Depths:1 | Reached XP level 25. HP: 147/150 MP: 24/37
 68164 | Depths:1 | Noticed Mara
 68177 | Depths:1 | Killed Mara
 68178 | Depths:1 | Reached skill level 18 in Hexes
 68344 | Depths:1 | Found a gateway to a bazaar.
 68356 | Depths:1 | Reached XP level 26. HP: 111/156 MP: 28/37
 68357 | Depths:1 | Reached XP level 27. HP: 115/161 MP: 28/37
 68485 | Bazaar   | Entered a bazaar
 68485 | Bazaar   | Found Woeri's Antique Weapon Boutique.
 68485 | Bazaar   | Found Ycyuphae's Antique Armour Shop.
 68485 | Bazaar   | Found Buxah's Armour Shop.
 68519 | Depths:1 | Found a gateway to Hell.
 68603 | Depths:1 | Reached skill level 11 in Translocations
 70085 | Depths:2 | Noticed Vv
 70094 | Depths:2 | Killed Vv
 70358 | Depths:2 | Found a one-way gate leading to the halls of Pandemonium.
 70413 | Depths:2 | Found a one-way gateway to a ziggurat.
 70521 | Depths:2 | Identified the amulet of Mafeixt {Reflect Str-3 Slay+5
                  | SH+5}
 70590 | Depths:2 | Identified the ring "Mocs" {rF+ Str-2 Int+6 Dex+2}
 70613 | Depths:2 | Got Khufu's Papyrus of Evil
 70909 | Depths:3 | Found Futsiz's Weapon Boutique.
 70916 | Depths:3 | Found Jeamum's Antique Armour Shop.
 70994 | Depths:3 | Identified the +7 giant spiked club "Aschod" {drain, rN+
                  | Will++ MP-9}
 71006 | Depths:3 | Found a magical portal.
 71012 | WizLab   | Entered Tukima's Studio
 71168 | WizLab   | Identified the +8 triple crossbow of Abomination {speed,
                  | Str+10}
 71330 | WizLab   | Identified the +7 longbow "Piopela" {speed, +Blink rElec
                  | Str+6}
 71863 | WizLab   | Noticed buhh's illusion
 71894 | WizLab   | Noticed buhh's illusion
 72149 | Depths:3 | Noticed Louise
 72155 | Depths:3 | Killed Louise
 72159 | Depths:3 | Found a one-way gate to the infinite horrors of the Abyss.
 72348 | Depths:3 | Found Gikhiar's Armour Shoppe.
 72987 | Depths:3 | Found a transporter.
 73029 | Depths:3 | Found Qenour's Armour Boutique.
 73392 | Depths:4 | Entered Level 4 of the Depths
 74417 | Depths:4 | Found a gate to the Realm of Zot.
 74977 | Depths:4 | Acquired the +2 cloak of the Thief {*Fog Slay-2 SInv
                  | Stlth+}
 74977 | Depths:4 | Found the +2 cloak of the Thief {*Fog Slay-2 SInv Stlth+}
 75368 | Vaults:5 | Entered Level 5 of the Vaults
 76283 | Vaults:5 | Reached skill level 15 in Stealth
 76792 | Vaults:5 | Found the -2 hat of the Alchemist {rElec rPois rF+ rC+ rN+
                  | Will+ rMut rCorr}
 76795 | Vaults:5 | Got the Grimoire of Fetching Air
 76802 | Vaults:5 | Identified the +1 morningstar of Tenacity {flame, rPois rC-
                  | rCorr}
 76962 | Vaults:5 | Identified the +3 trident of Awkwardness {freeze, rElec
                  | rF+}
 77265 | Vaults:5 | Identified the +6 hand crossbow of Muzasan {elec, Int-4
                  | Dex+2 SInv Stlth+}
 77896 | Vaults:5 | Identified the +8 scale mail of Ledghed {*Slow rF+++ rC-
                  | rN++}
 77903 | Vaults:5 | Got a silver rune of Zot
 78549 | Zot:1    | Entered Level 1 of the Realm of Zot
 78697 | Zot:1    | Reached skill level 27 in Crossbows
 79513 | Zot:2    | Acquired 915 gold pieces
 79585 | Zot:2    | Reached skill level 22 in Fighting
 79856 | Zot:2    | Noticed an orb of fire
 79864 | Zot:2    | Killed an orb of fire
 80439 | Zot:2    | Identified the +2 robe of the Dice {Dex+3 Stlth+}
 80967 | Zot:3    | Noticed an orb of fire
 80972 | Zot:3    | Killed an orb of fire
 83049 | Zot:5    | Entered Level 5 of the Realm of Zot
 83343 | Zot:5    | Noticed a Killer Klown
 83343 | Zot:5    | Noticed a Killer Klown
 83343 | Zot:5    | Noticed a Killer Klown
 83346 | Zot:5    | Killed a Killer Klown
 83350 | Zot:5    | Killed a Killer Klown
 83352 | Zot:5    | Killed a Killer Klown
 83382 | Zot:5    | Found a radiant altar of Vehumet.
 83459 | Zot:5    | Got Vest's Grimoire of Moulding and Summoning
 83586 | Zot:5    | Found a shadowy altar of Dithmenos.
 84359 | Slime:1  | Entered Level 1 of the Pits of Slime
 85039 | Slime:3  | Reached skill level 27 in Fighting
 85664 | Slime:5  | Entered Level 5 of the Pits of Slime
 85890 | Slime:5  | Noticed the Royal Jelly
 85907 | Slime:5  | Killed the Royal Jelly
 86121 | Slime:5  | Got a slimy rune of Zot
 86142 | Slime:5  | Identified the +11 flail of the Past {flame, Int+4}
 86180 | Slime:5  | Identified the +7 halberd "Hodar" {vorpal, Stlth+}
 86189 | Slime:5  | Got the Compendium of Evil Magic
 86197 | Slime:5  | Identified the +1 chain mail of Utonnib {rN+++ Str+3 Dex-3
                  | Slay+2}
 86200 | Slime:5  | Identified the +3 plate armour "Nyupuan" {*Corrode rElec
                  | Dex+3}
 86253 | Slime:5  | Identified the +3 buckler of Araublih {Regen+ Stlth+}
 86272 | Slime:5  | Identified the +1 leather armour "Elohuc" {Str+2}
 86275 | Slime:5  | Identified the +8 chain mail of the Fresh God {rPois Regen+
                  | Str-5 Dex-3}
 86904 | Hell     | Entered the Vestibule of Hell
 86914 | Hell     | Noticed Geryon
 87105 | Depths:1 | Reached skill level 27 in Dodging
 87404 | Depths:1 | Reached skill level 18 in Stealth
 88227 | Hell     | Noticed Murray
 88260 | Depths:1 | Killed Murray
 88466 | Hell     | Killed Geryon
 88612 | Hell     | Found a gateway to the Iron City of Dis.
 88736 | Hell     | Found a gateway to the freezing wastes of Cocytus.
 88863 | Hell     | Found a gateway to the decaying netherworld of Tartarus.
 89033 | Hell     | Found a gateway to the ashen valley of Gehenna.
 89487 | Depths:1 | You fall into a shaft and drop 1 floor!
 89618 | Pan      | Entered Pandemonium
 90017 | Pan      | Noticed Gupriec the pandemonium lord
 90023 | Pan      | Killed Gupriec the pandemonium lord
 90103 | Pan      | Got a demonic rune of Zot
 90193 | Pan      | Entered the realm of Gloorx Vloq.
 90604 | Pan      | Noticed Gloorx Vloq
 90610 | Pan      | Killed Gloorx Vloq
 90900 | Pan      | Got a dark rune of Zot
 91183 | Pan      | Found an exit through the horrors of the Abyss.
 91584 | Pan      | Reached skill level 15 in Invocations
 91943 | Pan      | Found a runed translucent door.
 92822 | Pan      | Noticed Plog the pandemonium lord
 92829 | Pan      | Killed Plog the pandemonium lord
 92842 | Pan      | Noticed Poicoamesy the pandemonium lord
 92854 | Pan      | Killed Poicoamesy the pandemonium lord
 93689 | Pan      | Found an exit through the horrors of the Abyss.
 94578 | Pan      | Found an exit through the horrors of the Abyss.
 94711 | Pan      | Reached skill level 18 in Invocations
 95048 | Pan      | Noticed Jeus the pandemonium lord
 95056 | Pan      | Killed Jeus the pandemonium lord
 95402 | Pan      | Acquired 1284 gold pieces
 96153 | Pan      | Noticed Nakufess the pandemonium lord
 96504 | Pan      | Killed Nakufess the pandemonium lord
 97254 | Pan      | Found an exit through the horrors of the Abyss.
 97866 | Pan      | Found a transporter.
 98423 | Pan      | Noticed Veczad the pandemonium lord
 98431 | Pan      | Killed Veczad the pandemonium lord
 98589 | Pan      | Entered the realm of Cerebov.
 98892 | Pan      | Reached skill level 22 in Invocations
 99115 | Pan      | Found an exit through the horrors of the Abyss.
 99498 | Pan      | Identified the +3 quarterstaff of Symmetry {pain, Fly rPois
                  | rF- rN++}
 99498 | Pan      | Identified the ring of the Ant {Contam AC+4 Str+3 Dex+5
                  | SInv}
 99828 | Pan      | Found the +6 sword of Cerebov {flame}
 99828 | Pan      | Noticed Cerebov
 99848 | Pan      | Killed Cerebov
100075 | Pan      | Got Sif Muna's Handbook of Enchantment
100076 | Pan      | Identified the ring "Ehint" {*Corrode rElec rF+ rN++ EV+4}
100123 | Pan      | Identified the ring of Lust {rPois rCorr Slay+4}
100159 | Pan      | Got a fiery rune of Zot
100601 | Pan      | Noticed Cuobb the pandemonium lord
100609 | Pan      | Killed Cuobb the pandemonium lord
101046 | Pan      | Noticed Pigin the pandemonium lord
101051 | Pan      | Killed Pigin the pandemonium lord
101564 | Pan      | Found an exit through the horrors of the Abyss.
102642 | Pan      | Entered the realm of Mnoleg.
102948 | Pan      | Identified the +4 spear of Gehenna {holy, Str+3 Int+5}
103600 | Pan      | Noticed Mnoleg
103610 | Pan      | Paralysed by a floating eye for 4 turns
103630 | Pan      | Killed Mnoleg
103631 | Pan      | Reached skill level 27 in Invocations
103942 | Pan      | Got a glowing rune of Zot
104331 | Pan      | Found a huge runed translucent gate.
104332 | Pan      | Found a huge runed translucent gate.
104406 | Pan      | Entered the realm of Lom Lobon.
104879 | Pan      | Noticed Lom Lobon
105306 | Pan      | HP: 7/179 [spore (10)]
106093 | Pan      | Killed Lom Lobon
106541 | Pan      | Got a magical rune of Zot
106601 | Pan      | Reached skill level 11 in Evocations
106934 | Pan      | Found a runed translucent door.
107532 | Pan      | Found a runed translucent door.
107547 | Pan      | Found a runed translucent door.
107568 | Depths:2 | Escaped Pandemonium
107714 | Tar:1    | Entered Level 1 of Tartarus
107716 | Tar:1    | Noticed a juggernaut
107717 | Tar:1    | Noticed a juggernaut
107724 | Tar:1    | Killed a juggernaut
107728 | Tar:1    | Killed a juggernaut
107735 | Tar:1    | Noticed a juggernaut
107742 | Tar:1    | Killed a juggernaut
107875 | Tar:1    | Noticed a juggernaut
107880 | Tar:1    | Killed a juggernaut
107891 | Tar:1    | Noticed a juggernaut
107894 | Tar:1    | Killed a juggernaut
107904 | Tar:1    | Reached skill level 15 in Evocations
109161 | Tar:4    | Reached skill level 18 in Evocations
110266 | Tar:6    | Noticed an ancient lich
110266 | Tar:6    | Noticed an ancient lich
110266 | Tar:6    | Noticed a dread lich
110270 | Tar:6    | Noticed an ancient lich
110272 | Tar:6    | Killed an ancient lich
110273 | Tar:6    | Killed a dread lich
110276 | Tar:6    | Noticed an ancient lich
110277 | Tar:6    | Killed an ancient lich
110277 | Tar:6    | Killed an ancient lich
110277 | Tar:6    | Noticed a dread lich
110279 | Tar:6    | Killed an ancient lich
110279 | Tar:6    | Noticed an ancient lich
110279 | Tar:6    | Killed a dread lich
110281 | Tar:6    | Killed an ancient lich
110282 | Tar:6    | Noticed an ancient lich
110283 | Tar:6    | Noticed a dread lich
110284 | Tar:6    | Killed an ancient lich
110287 | Tar:6    | Killed a dread lich
110309 | Tar:7    | Entered Level 7 of Tartarus
110413 | Tar:7    | HP: 3/179 [profane servitor/+1 whip of flaming (8)]
110415 | Tar:7    | Mangled by a profane servitor

Illustrated notes

Levels and vault maps discovered:
D:1:      minmay_arrival_plants_in_alcoves, layout_basic,
          shapermc_ecumenical_altar_notcrosses
D:2:      layout_basic, serial_forest, infiniplex_forest_end_2,
          infiniplex_forest_clump_small, infiniplex_forest_lined_corner,
          infiniplex_forest_lined_1, infiniplex_forest_clump_medium,
          infiniplex_forest_lined_3
D:3:      layout_basic, solitary_fountain, hex_tiny
D:4:      minmay_evil_eye, layout_loops_cross, bloody_makhleb,
          minmay_temple_entry_ruins, gup_sewer_entry_pipe, uniq_duvessa
D:5:      layout_loops_ring, mainiacjoe_overflow_six_doors_small,
          nicolae_ossuary_entry_ruins, minmay_misc_feat_cross
D:6:      layout_gridville, zin_academy, serial_glass, glass_columns_a,
          glass_columns_b, serial_shops, nicolae_diamond_shop,
          kennysheep_generic_room_15
D:7:      layout_basic, mainiacjoe_overflow_boulevard,
          nicolae_figureground_pulse
D:8:      layout_basic
D:9:      layout_basic, minitemple, grunt_lair_entry_orc_guard_hut
D:10:     layout_basic
D:11:     layout_gridville, serial_ice, serial_ice_c, serial_ice_g,
          serial_ice_e, serial_ice_m, minmay_misc_feat_plants,
          minmay_protected_statue, uniq_psyche
D:12:     layout_basic, david_orc_2, gauntlet_entry_generic
D:13:     layout_rooms, ximxim_vaults_locker_room,
          nicolae_trove_entry_free_sample
D:14:     regret_index_combs_of_tragedy, layout_irregular_city,
          grunt_decor_junction
D:15:     gammafunk_enter_depths_forms, layout_basic, chequers_decorated_corner
Temple:   lightli_temple_of_artemis
Lair:1:   layout_roguey, ebering_ghost_rock_garden, minivault_25, uniq_grum
Lair:2:   layout_chaotic_city, guppyfry_snake_entry_garden, basic_altar,
          minivault_25, uniq_amaemon
Lair:3:   layout_hall_layers, infiniplex_staircase_pool, grunt_megastairs_3,
          uniq_snorg, uniq_sonja
Lair:4:   dragon1_lemuel, layout_misc_corridors, palyth_hydra_swamp_entry
Lair:5:   layout_regular_city, minmay_lindwurm_lava
Lair:6:   minmay_lair_end_enchanted_forest, layout_gridlike,
          dpeg_slime_entry_enclosed, nicolae_volcano_entry_vermiform,
          serial_bayou_lagoon_a, serial_bayou_shore_b, grunt_megastairs_4
Swamp:1:  layout_basic_swamp, nicolae_swamp_ascending_descending, swamp_pool5,
          nicolae_swamp_some_circles, uniq_nikola
Swamp:2:  nicolae_swamp_decorative_isthmus, layout_basic_swamp,
          evilmike_swamp_ruin_house_6
Swamp:3:  layout_falls_marsh, evilmike_swamp_ruin_house_5, uniq_jorgrun
Swamp:4:  swamp_pestilence, layout_basic_swamp, swamp_pool4,
          nicolae_swamp_tree_designs
Snake:1:  layout_honeycomb, nicolae_snake_serpentine_hallways
Snake:2:  layout_onion_interference, serial_shops, bzr_entry_islet,
          minmay_shop_grove, uniq_vashnia
Snake:3:  layout_rooms, serial_shops, nicolae_shop_behind_doors,
          serial_bayou_shore_a
Snake:4:  grunt_snake_rune_pools, layout_grid_maze, nicolae_fountain_basement,
          uniq_asterion, uniq_aizul
Slime:1:  layout_caves
Slime:2:  layout_caves, uniq_dissolution
Slime:3:  layout_caves
Slime:4:  layout_caves, basic_altar, cheibrodos_slime_lost_civilization_5
Slime:5
Orc:1:    layout_caves
Orc:2:    hellmonk_orc_salted, layout_diamond_mine,
          ebering_ghost_reflecting_pool, uniq_nessos, uniq_maurice, uniq_urug
Elf:1:    layout_geoelf_grid, basic_altar, minivault_28, kilobyte_rumbling_trees
Elf:2:    elven_hall_of_blades_hangedman_original
          [nicolae_blade_entry_floor_patterns], layout_gridlike,
          portal_desolation_entry_garden, serial_sigils,
          serial_sigils_hangedman_etch, serial_sigils_hangedman_snap,
          serial_sigils_hangedman_gut
Elf:3:    elf_hall, layout_geoelf_grid, uniq_louise
Vaults:1: v_misc_27, st_check, v_pattern_2, vaults_room_stairs_pillars,
          nicolae_vaults_bisected_exclaves, grunt_vaults_twisty,
          nicolae_vaults_little_squares_2, nicolae_vaults_asterisk,
          vaults_dpeg_ring, nicolae_vaults_little_squares_6,
          layout_vaults_chaotic_city
Vaults:2: nicolae_vaults_little_squares_2, minmay_crypt_entry_simple_statues,
          ontoclasm_vaults_chip, nicolae_vaults_sealed_display,
          nicolae_vaults_alarming, ontoclasm_vaults_chip, hangedman_vaults_maws,
          layout_vaults_omnigrid
Vaults:3: dpeg_vaults_monster_box, ontoclasm_vaults_chip,
          hangedman_vaults_corner, hangedman_vaults_variations,
          nicolae_vaults_what_the_h, nicolae_vaults_border_crossing,
          grunt_vaults_bifocal, ontoclasm_vaults_misaligned,
          grunt_vaults_hallway_short, nicolae_vaults_diagonal_hallway_8,
          layout_vaults_maze_snakey, serial_glass
Vaults:4: v_pattern_4, v_rooms_4, vaults_mumra_chevron, v_alt_pattern_1,
          vaults_room_door_hall, ontoclasm_vaults_claustrophobia,
          hangedman_vaults_stagger, vaults_room_large_hall,
          nicolae_vaults_holding_cells, vaults_room_corners,
          hangedman_vaults_stream, layout_vaults_omnicross, serial_shops, shop
Vaults:5
Crypt:1:  layout_misc_corridors, grunt_crypt_arrival_guarded_gate,
          uniq_frederick
Crypt:2:  cheibrodos_crypt_cold_storage, layout_catacombs, grunt_ministairs_13,
          eino_tiny_chamber
Crypt:3:  lightli_unholy_cathedral, layout_chaotic_city,
          tomb_entry_sphere_bobbens
Depths:1: layout_gridlike, serial_shops, bzr_entry_dummy, hell_entry,
          amcnicky_mini_rare_corridor_liquid, minmay_evil_grid, uniq_mara
Depths:2: minmay_cut_squares, layout_gridville, enter_ziggurat_f,
          roderic_lattice_a, hell_entry, rand_demon_pan_entry_5,
          grunt_decor_one_mirror, uniq_vv
Depths:3: gammafunk_corrupted_shrine, layout_basic, pan_entry, hell_entry,
          mu_enter_wizlab_6, nicolae_abyss_entry_one_way_or_another,
          serial_shops, kennysheep_mini_moat, shop, nicolae_stop_n_shop_2,
          nicolae_shop_waterfront, infiniplex_staircase_star
Depths:4: evilmike_zot_entry_diamond, layout_gridlike, grunt_hell_horde,
          grunt_decor_cap
Hell
Tar:1:    nicolae_hells_titanomachy
Tar:2:    minmay_shadows, layout_honeycomb
Tar:3:    layout_catacombs
Tar:4:    layout_grid_maze
Tar:5:    layout_cathedral_of_symmetry
Tar:6:    layout_honeycomb, nicolae_hells_leichenhalle
Tar:7:    tar_minmay_river
Zot:1:    layout_misc_corridors, zot_minivault_2
Zot:2:    layout_gridlike, kennysheep_underground_church
Zot:3:    layout_gridville
Zot:4:    layout_gridville
Zot:5:    layout_misc_corridors, st_stairs_8, hangedman_feature_mirror,
          grunt_ministairs_13, drop_trap, hangedman_zot_decor_unnerving_road

Skill      XL: |  1  2  3  4  5  6  7  8  9 10 11 12 13 14 15 16 17 18 19 20 21 22 23 24 25 26 27 |
---------------+----------------------------------------------------------------------------------+-----
Stealth        | 2 3 4 5 6 7 12 14 20 | 20.8
Crossbows      | 6 7 8 10 13 14 15 16 17 22 23 27 | 27.0
Dodging        | 5 9 11 12 15 19 22 25 27 | 27.0
Fighting       | 4 8 10 13 14 15 16 19 20 27 | 27.0
Invocations    | 7 8 11 27 | 27.0
Evocations     | 8 10 21 | 21.6
Spellcasting   | 4 5 10 | 10.1
Translocations | 4 9 10 13 | 13.8
Hexes          | 11 15 17 18 21 | 21.7

Action                   |  1- 3 |  4- 6 |  7- 9 | 10-12 | 13-15 | 16-18 | 19-21 | 22-24 | 25-27 || total
-------------------------+-------+-------+-------+-------+-------+-------+-------+-------+-------++-------
 Fire: Hand crossbow     |    60 |   130 |   335 |   843 |  1079 |       |       |       |       ||  2447
       Arbalest          |       |       |       |       |    76 |   789 |   873 |  1029 |   237 ||  3004
       Triple crossbow   |       |       |       |       |       |       |       |       |  3369 ||  3369
 Cast: Blink             |       |       |       |       |       |     1 |     3 |       |     5 ||     9
       Enfeeble          |       |       |       |       |       |       |       |       |    16 ||    16
       Dispersal         |       |       |       |       |       |       |       |       |     2 ||     2
Invok: Recall Ancestor   |       |       |       |     3 |    24 |     7 |     4 |     1 |    10 ||    49
       Ancestor Identity |       |       |       |     1 |       |       |       |       |       ||     1
       Ancestor Life: Kn |       |       |       |     1 |       |       |       |       |       ||     1
       Idealise          |       |       |       |       |     9 |     5 |     3 |     6 |    27 ||    50
Evoke: Wand              |       |     1 |     8 |    15 |     9 |     5 |       |       |       ||    38
       Phial of floods   |       |       |       |       |     1 |     2 |     1 |     1 |     3 ||     8
       Phantom mirror    |       |       |       |       |     1 |       |       |       |     1 ||     2
       Condenser vane    |       |       |       |       |       |       |       |       |     2 ||     2
       Box of beasts     |       |       |       |       |       |       |       |       |     1 ||     1
  Use: Scroll            |       |    10 |     9 |    14 |    15 |     9 |     9 |     5 |    21 ||    92
       Potion            |       |       |     2 |     9 |     7 |     5 |     1 |    22 |    22 ||    68
Armor: Leather armour    |     5 |    25 |    50 |   113 |    61 |       |       |       |       ||   254
       Troll leather arm |       |       |       |       |    17 |    33 |    13 |     2 |       ||    65
       Robe              |       |       |       |       |       |       |    27 |    35 |    40 ||   102
Dodge: Dodged            |    11 |    60 |   136 |   529 |   705 |   393 |   470 |   541 |  1445 ||  4290
Block: Other             |       |       |       |       |       |       |    12 |    70 |   169 ||   251
       Reflection        |       |       |       |       |       |       |     2 |     1 |     3 ||     6

Table legend: (Time is in decaauts)
 A = Elapsed time spent in this place.
 B = Non-inter-level travel time spent in this place.
 C = Inter-level travel time spent in this place.
 D = Time resting spent in this place.
 E = Time spent auto-exploring this place.
 F = Levels seen in this place.
 G = Mean time per level.
                   A        B        C        D        E       F      G
               +--------+--------+--------+--------+--------+-----+--------+
         Total | 110155 | 100482 |   9673 |  17636 |  65964 |  94 | 1171.9 |
       Dungeon |  25708 |  21538 |   4170 |   4005 |  13039 |  15 | 1713.9 |
        Temple |    217 |    170 |     47 |      0 |    154 |   1 |  217.0 |
          Lair |  12918 |  11477 |   1441 |   3159 |   6662 |   6 | 2153.0 |
         Swamp |   4496 |   3897 |    599 |    703 |   2274 |   4 | 1124.0 |
     Snake Pit |   5153 |   4837 |    316 |    513 |   3190 |   4 | 1288.2 |
    Slime Pits |   1890 |   1755 |    135 |     66 |   1380 |   5 |  378.0 |
  Orcish Mines |   2334 |   2113 |    221 |     57 |   1493 |   2 | 1167.0 |
   Elven Halls |   3467 |   3357 |    110 |    128 |   2481 |   3 | 1155.7 |
        Vaults |  10218 |   9199 |   1019 |   1305 |   6646 |   5 | 2043.6 |
         Crypt |   5044 |   4805 |    239 |    835 |   3333 |   3 | 1681.3 |
        Depths |   8044 |   7146 |    898 |   1450 |   4891 |   4 | 2011.0 |
          Hell |   1004 |    872 |    132 |     54 |    646 |   1 | 1004.0 |
      Tartarus |   2608 |   2523 |     85 |    563 |   1566 |   7 |  372.6 |
           Zot |   5253 |   4998 |    255 |    252 |   4304 |   5 | 1050.6 |
   Pandemonium |  17390 |  17390 |      0 |   3370 |  11757 |  21 |  828.1 |
        Bazaar |    342 |    342 |      0 |      0 |    221 |   2 |  171.0 |
         Trove |    172 |    172 |      0 |      0 |     91 |   1 |  172.0 |
         Sewer |    381 |    381 |      0 |      0 |    276 |   1 |  381.0 |
       Ossuary |    454 |    454 |      0 |    107 |    231 |   1 |  454.0 |
        Wizlab |   1060 |   1060 |      0 |    625 |    136 |   1 | 1060.0 |
    Desolation |   1708 |   1708 |      0 |    442 |    942 |   1 | 1708.0 |
      Gauntlet |    286 |    286 |      0 |      0 |    247 |   1 |  286.0 |
               +--------+--------+--------+--------+--------+-----+--------+

Top non-repeatable levels by time:
Depths:1: 3396 daAuts
     D:9: 3087 daAuts
  Lair:6: 2833 daAuts
Vaults:2: 2787 daAuts
Vaults:4: 2391 daAuts
     D:8: 2362 daAuts
  Lair:3: 2260 daAuts
  Lair:4: 2198 daAuts
 Crypt:3: 2182 daAuts
 Snake:4: 2087 daAuts
    D:10: 2083 daAuts
Vaults:1: 2048 daAuts
  Lair:1: 1991 daAuts
    D:11: 1948 daAuts
    D:14: 1913 daAuts
